 Dungeon Crawl Stone Soup version 0.27.1-1-g398f81649c (webtiles) character file.

Game seed: 18131998483241332157

116 Woods the Skirmisher (level 4, -1/35 HPs)
             Began as a Demonspawn Abyssal Knight on Sept 20, 2021.
             Was a Believer of Lugonu.
             Slain by an orc wizard (3 damage)
             ... on level 3 of the Dungeon.
             The game lasted 00:05:27 (2687 turns).

Woods the Skirmisher (Demonspawn Abyssal Knight)    Turns: 2687, Time: 00:05:28

Health: -1/35      AC: 10    Str: 17 (19) XL:     4   Next: 69%
Magic:  5/5        EV:  7    Int: 10 (13) God:    Lugonu [**....]
Gold:   78         SH:  0    Dex: 12 (13) Spells: 3/3 levels left

rFire    . . .     SeeInvis .     - Unarmed
rCold    . . .     Faith    .   (no shield)
rNeg     . . .     Spirit   .   l - +0 chain mail
rPois    .         Reflect  .   (no helmet)
rElec    .         Harm     .   (no cloak)
rCorr    .         Rampage  .   (no gloves)
Will     .....                  (no boots)
Stlth    ..........             (no amulet)
HPRegen  0.11/turn              k - +6 ring of strength
MPRegen  0.09/turn              (no ring)

@: lethally poisoned (-1 -> -13)
A: claws 2, yellow scales 1
a: Renounce Religion, Depart the Abyss, Bend Space


You were on level 3 of the Dungeon.
You worshipped Lugonu.
Lugonu was pleased with you.
You visited 1 branch of the dungeon, and saw 3 of its levels.
You visited the Abyss 1 time.

You collected 78 gold pieces.

Inventory:

Hand Weapons
 a - a +1 mace
Armour
 b - a +0 leather armour
 d - a +2 robe of willpower
 i - a +0 leather armour
 l - a +0 chain mail (worn)
Jewellery
 k - a +6 ring of strength (left claw)
 m - a ring of fire
Scrolls
 e - a scroll of enchant weapon {unknown}
 h - a scroll of identify {unknown}
Potions
 f - a potion of haste
 j - a potion of heal wounds {unknown}
 n - a potion of magic {unknown}
 o - a potion of attraction {unknown}
 p - a potion of might


   Skills:
 - Level 3.4 Fighting
 - Level 2.0 Maces & Flails
 - Level 2.0 Armour
 - Level 0.9 Dodging
 + Level 3.3 Unarmed Combat
 - Level 2.5 Invocations


You had 3 spell levels left.
You didn't know any spells.
Your spell library contained the following spells:

 Spells                   Type           Power      Damage    Failure   Level
 Conjure Ball Lightning   Conj/Air       0%         3x3d6     100%        6
 Discord                  Hex            0%         N/A       100%        8
 Disjunction              Tloc           0%         N/A       100%        8


Dungeon Overview and Level Annotations

Branches:
Dungeon (3/15)

Altars:

Shops:
D:2 *


Innate Abilities, Weirdness & Mutations

You have very sharp fingernails.
You are partially covered in yellow scales. (AC +2)


Message History

The orc wizard hits you with a +0 dagger.
The kobold hits you with a +1 short sword of venom.
You bump into the rock wall.
The orc wizard barely misses you. The kobold hits you but does no damage.
You are poisoned.
The orc wizard hits you but does no damage.
It was a potion of haste.
You feel yourself speed up.
You feel sick. The kobold hits you but does no damage.
You are more poisoned.
The orc wizard barely misses you.
The orc wizard hits you with a +0 dagger.
It was a potion of might.
You feel very mighty all of a sudden.
You feel very sick. The orc barely misses you.
The orc wizard hits you but does no damage.
The kobold barely misses you.
The orc wizard hits you but does no damage.
It was a potion of degeneration.
There was something very wrong with that liquid.
You feel weakened.
You feel dopey.
You feel clumsy.
You feel less confused.
You feel sick. The orc barely misses you.
The orc wizard hits you but does no damage.
The kobold hits you with a +1 short sword of venom.
You are lethally poisoned!
It was a potion of cancellation.
Your magical effects are unravelling.
You feel magically purged.
You feel yourself slow down.
You feel a little less mighty now.
You feel very sick.
The orc wizard hits you but does no damage.
The gnoll hits you with a +0 club.
* * * LOW HITPOINT WARNING * * *
* * * LOW HITPOINT WARNING * * *
You feel very sick. The orc hits you with a +0 hand axe.
* * * LOW HITPOINT WARNING * * *
The orc wizard hits you with a +0 dagger.
You die...

#......#
#......#
#..g...#
##.###w#
#..# #[#
##.## #g#
##.g#
##g########
#..##
#.K.o......
#.##
#.o@o......
#w#
#..........
#.#
#..?.......
#g#
#......<....
#.#
#...........
#w#
..#.########
#..# ..##.
......## #.
#....###


You could see 2 orc wizards, 2 gnolls, a dart slug, an orc and a kobold.

Vanquished Creatures
  Jessica (D:2)
  A gnoll (D:3)
  2 adders
  A worm (D:2)
  A dart slug (D:1)
  2 orcs (D:3)
  4 bats
  4 endoplasms
  3 giant cockroaches
  6 goblins
  6 hobgoblins
  4 jackals (D:1)
  6 ball pythons
  5 frilled lizards
  5 kobolds
  3 rats
54 creatures vanquished.

Notes
Turn   | Place    | Note
-------+----------+-------------------------------------------
     0 | Abyss:1  | Woods the Demonspawn Abyssal Knight began the quest for the
                  | Orb.
     0 | Abyss:1  | Reached XP level 1. HP: 18/18 MP: 2/2
    24 | Abyss:1  | Noticed a wraith
    26 | D:1      | Escaped the Abyss
   313 | D:1      | Gained mutation: You have sharp fingernails. [demonic
                  | ancestry]
   313 | D:1      | Reached XP level 2. HP: 22/24 MP: 3/3
   314 | D:1      | Reached * piety under Lugonu
   842 | D:1      | Found a faded altar of an unknown god.
   988 | D:1      | Reached skill level 1 in Unarmed Combat
  1122 | D:2      | Noticed Jessica
  1182 | D:1      | Gained mutation: You have very sharp fingernails. [demonic
                  | ancestry]
  1182 | D:1      | Reached XP level 3. HP: 22/29 MP: 4/4
  1484 | D:2      | You fall into a shaft and drop 1 floor!
  2049 | D:2      | Killed Jessica
  2050 | D:2      | Gained mutation: You are partially covered in yellow
                  | scales. (AC +2) [demonic ancestry]
  2050 | D:2      | Reached XP level 4. HP: 34/35 MP: 5/5
  2195 | D:2      | Found Otubeur's Assorted Antiques.
  2492 | D:3      | Reached ** piety under Lugonu
  2687 | D:3      | Slain by an orc wizard

Illustrated notes

Levels and vault maps discovered:
D:1:      grunt_arrival_lava_bath, layout_basic,
          shapermc_ecumenical_altar_acropolis, minmay_pentomino_r4
D:2:      layout_rooms, serial_shops, nicolae_shop_crystal, uniq_jessica
D:3:      layout_rooms, grunt_decor_arrowhead

Skill      XL: |  1  2  3  4 |
---------------+-------------+-----
Armour         | 2 |  2.0
Maces & Flails | 2 |  2.0
Unarmed Combat | 1 2 3 |  3.3
Fighting       | |  3.4
Dodging        | |  0.9
Invocations    | |  2.5

Action                   |  1- 3 |  4- 6 || total
-------------------------+-------+-------++-------
Melee: Mace              |    61 |       ||    61
       Unarmed           |    60 |    27 ||    87
Invok: Depart the Abyss  |     1 |       ||     1
  Use: Potion            |       |     4 ||     4
Armor: Robe              |    40 |     4 ||    44
       Leather armour    |     1 |       ||     1
       Chain mail        |       |    22 ||    22
Dodge: Dodged            |    82 |    16 ||    98
